 Dungeon Crawl Stone Soup version 0.29.1-15-g9cfb28693d (webtiles) character file.

Game seed: 10856443873942119563

74 Heoruswealwe the Magician (level 4, -4/21 HPs)
             Began as a Deep Elf Earth Elementalist on Mar 29, 2023.
             Was a Follower of Hepliaklqana.
             Killed from afar by an orc wizard (11 damage)
             ... with a puff of flame
             ... on level 3 of the Dungeon.
             The game lasted 00:08:34 (754 turns).

Heoruswealwe the Magician (DEEE)                     Turns: 754, Time: 00:08:35

Health: -4/21      AC:  2    Str:  5    XL:     4   Next: 9%
Magic:  2/12       EV: 12    Int: 22    God:    Hepliaklqana [*.....]
Gold:   92         SH:  0    Dex: 15    Spells: 8/11 levels left

rFire   . . .      SeeInvis .   (no weapon)
rCold   . . .      Faith    .   (no shield)
rNeg    . . .      Spirit   .   a - +0 robe
rPois   .          Reflect  .   (no helmet)
rElec   .          Harm     .   (no cloak)
rCorr   .          Rampage  .   (no gloves)
Will    .....                   (no boots)
Stlth   +.........              (no amulet)
HPRegen 0.07/turn               (no ring)
MPRegen 0.13/turn               (no ring)

@: confused
A: reduced essence
a: Renounce Religion, Recall Ancestor, Ancestor Identity


You were on level 3 of the Dungeon.
You worshipped Hepliaklqana.
Hepliaklqana was aware of your devotion.
You visited 1 branch of the dungeon, and saw 3 of its levels.

You collected 92 gold pieces.

Inventory:

Armour
 a - a +0 robe (worn)
Potions
 b - a potion of magic
 c - a potion of curing
 g - a potion of ambrosia
 h - a potion of attraction


   Skills:
 - Level 2.4 Dodging
 - Level 2.4 Stealth
 * Level 4.4 Spellcasting
 + Level 2.1 Transmutations
 * Level 4.3 Earth Magic


You had 8 spell levels left.
You knew the following spells:

 Your Spells              Type           Power      Damage    Failure   Level
a - Sandblast             Erth           46%        2d11      1%          1
z - Passwall              Tmut/Erth      15%        N/A       4%          2

Your spell library contained the following spells:

 Spells                   Type           Power      Damage    Failure   Level
 Stone Arrow              Conj/Erth      28%        3d8       13%         3
 Petrify                  Tmut/Erth      19%        N/A       28%         4


Dungeon Overview and Level Annotations

Branches:
Dungeon (3/15)

Altars:
Hepliaklqana


Message History

The orc wizard hits you with a +0 dagger.
The orc wizard casts a spell at you. You resist with some effort.
You bump into the rock wall.
The orc wizard hits you with a +0 dagger.
The orc wizard barely misses you.
The orc wizard attacks as you move away!
The orc wizard barely misses you.
You feel less confused.
The orc wizard points at you and mumbles some strange words.
You are confused.
The orc wizard hits you with a +0 dagger.
* * * LOW HITPOINT WARNING * * *
You closely miss the orc wizard. The orc wizard misses you.
The orc wizard attacks as you move away!
The orc wizard barely misses you.
You bump into the rock wall.
The orc wizard gestures at you while chanting.
You are more confused.
You barely miss the orc wizard. The orc wizard closely misses you.
You closely miss the orc wizard.
The orc wizard points at you and mumbles some strange words.
You are more confused.
You bump into the rock wall.
The orc wizard barely misses you.
A ball python comes into view.
You closely miss the orc wizard.
The orc wizard points at you and mumbles some strange words.
You resist with some effort.
You closely miss the orc wizard.
The ball python hisses angrily.
The orc wizard gestures at you while chanting.
You are more confused.
You bump into the rock wall.
The orc wizard points at you and mumbles some strange words.
You are more confused.
You barely miss the orc wizard. The orc wizard casts a spell at you.
The puff of flame hits you!
Ouch! That really hurt!
You die...

............##. #...
......................
....<......# #.......
....†.....†# #.......
.?.......<.# #......
.#..#......####......
#.##..#.........# ...
#.##...).....# ..#
#.##....)..o@# ..
......###..#.#
.......# ##.....
........# ..)..##
######## #...S.#
#.....# #.....#
.......


You could see an orc wizard and a ball python.

Vanquished Creatures
  An orc wizard (D:3)
  2 adders (D:3)
  A dart slug (D:1)
  An orc (D:3)
  2 endoplasms (D:1)
  4 goblins
  4 hobgoblins
  3 ball pythons (D:1)
  5 bats
  2 frilled lizards (D:1)
  A kobold (D:1)
  4 rats (D:1)
30 creatures vanquished.

Vanquished Creatures (collateral kills)
  A kobold (D:3)
1 creature vanquished.

Vanquished Creatures (others)
  An ancestor (D:3)
1 creature vanquished.

Grand Total: 32 creatures vanquished

Notes
Turn   | Place    | Note
-------+----------+-------------------------------------------
     0 | D:1      | Heoruswealwe the Deep Elf Earth Elementalist began the
                  | quest for the Orb.
     0 | D:1      | Reached XP level 1. HP: 10/10 MP: 6/6
   226 | D:1      | Reached XP level 2. HP: 15/15 MP: 5/8
   229 | D:1      | Learned a level 2 spell: Passwall
   232 | D:1      | Found a faded altar of an unknown god.
   239 | D:1      | Prayed at the altar of an unknown god.
   239 | D:1      | Became a worshipper of Hepliaklqana the Forgotten
   239 | D:1      | Reached * piety under Hepliaklqana
   712 | D:3      | Reached XP level 3. HP: 13/17 MP: 5/10
   734 | D:3      | Reached XP level 4. HP: 10/21 MP: 1/12
   754 | D:3      | Killed from afar by an orc wizard

Illustrated notes

Levels and vault maps discovered:
D:1:      heliophobic_arrival_glass_houses, layout_loops_cross,
          shapermc_ecumenical_altar_petra
D:2:      minmay_wonky_spiral, layout_loops_corners
D:3:      layout_rooms

Skill      XL: |  1  2  3 |
---------------+----------+-----
Spellcasting   | 4 |  4.4
Earth Magic    | 4 |  4.3
Transmutations | 2 |  2.1
Dodging        | |  2.4
Stealth        | |  2.4

Action                   |  1- 3 |  4- 6 || total
-------------------------+-------+-------++-------
Melee: Unarmed           |       |     6 ||     6
 Cast: Sandblast         |    36 |     1 ||    37
  Use: Scroll            |     3 |       ||     3
       Potion            |     2 |       ||     2
Armor: Robe              |     7 |       ||     7
Dodge: Dodged            |    13 |     6 ||    19
